 Dungeon Crawl Stone Soup version 0.28-a0-1415-g7c84da036a (webtiles) character file.

Game seed: 10173315743023884092

2020 HallandMoats the Skirmisher (level 9, -1/75 HPs)
             Began as a Ghoul Fighter on Jan 7, 2022.
             Was a Follower of Makhleb.
             Slain by an orc warrior (17 damage)
             ... in a bailey.
             The game lasted 00:13:31 (7856 turns).

HallandMoats the Skirmisher (Ghoul Fighter)         Turns: 7856, Time: 00:13:32

Health: -1/75      AC: 13    Str: 20    XL:     9   Next: 23%
Magic:  20/20      EV: 10    Int:  5    God:    Makhleb [*.....]
Gold:   359        SH:  6    Dex: 10    Spells: 8/8 levels left

rFire   . . .      SeeInvis .   b - +2 flail (venom)
rCold   + . .      Faith    .   c - +1 buckler
rNeg    + + +      Spirit   .   l - +0 scale mail
rPois   ∞          Reflect  .   q - +0 helmet
rElec   .          Harm     .   o - +2 cloak
rCorr   .          Rampage  .   (no gloves)
Will    .....                   m - +0 pair of boots
Stlth   ..........              (no amulet)
HPRegen 0.00/turn               k - ring of magical power
MPRegen 0.17/turn               (no ring)

@: inhibited regen
A: claws 1, cold resistance 1, negative energy resistance 3, inhibited
regeneration, torment resistance 2
a: Renounce Religion


You were in a bailey.
You worshipped Makhleb.
Makhleb was aware of your devotion.
You visited 2 branches of the dungeon, and saw 8 of its levels.
You also visited: Bailey.

You collected 359 gold pieces.

Inventory:

Hand Weapons
 b - a +2 flail of venom (weapon)
Armour
 c - a +1 buckler (worn)
 l - a +0 scale mail (worn)
 m - a +0 pair of boots (worn)
 o - a +2 cloak (worn)
 q - a +0 helmet (worn)
Jewellery
 k - a ring of magical power (left claw)
 t - a +4 ring of evasion
 u - a ring of protection from fire
 w - a +4 ring of evasion
Wands
 p - a wand of digging (2)
 B - a wand of charming (12)
Scrolls
 a - 2 scrolls of teleportation
 f - 2 scrolls of enchant weapon
 h - a scroll of magic mapping
 j - a scroll of amnesia
 n - a scroll of fog
Potions
 d - a potion of might
 e - 3 potions of cancellation {unknown}
 g - 3 potions of curing
 i - 2 potions of resistance {unknown}
 r - a potion of brilliance
 A - a potion of haste


   Skills:
 + Level 5.7 Fighting
 * Level 5.0 Maces & Flails
 * Level 5.4 Armour
 * Level 4.4 Dodging
 - Level 5.2 Shields
 * Level 4.0 Invocations


You had 8 spell levels left.
You didn't know any spells.
Your spell library contained the following spells:

 Spells                   Type           Power      Damage    Failure   Level
 Ozocubu's Armour         Ice            0%         N/A       99%         3
 Petrify                  Tmut/Erth      0%         N/A       100%        4
 Alistair's Intoxication  Tmut/Pois      0%         N/A       100%        5
 Metabolic Englaciation   Hex/Ice        0%         N/A       100%        5
 Simulacrum               Ice/Necr       0%         N/A       100%        6


Dungeon Overview and Level Annotations

Branches:
Dungeon (7/15)             Temple (1/1) D:5          Bailey (1/1)

Altars:
Ashenzari
Cheibriados
Dithmenos
Elyvilon
Kikubaaqudgha
Makhleb
Nemelex Xobeh
Ru
Sif Muna
Trog
Uskayaw
Vehumet
Wu Jian
Xom
Yredelemnul
The Shining One

Shops:
D:4 *

Annotations:
D:3 1 transporter
D:4 2 runed translucent doors, AverageBear's ghost, amateur DDFi


Innate Abilities, Weirdness & Mutations

You thrive by killing the living.
You are immune to poison.
You have sharp fingernails.
Your flesh is cold resistant. (rC+)
You are immune to negative energy. (rN+++)
You do not regenerate when monsters are visible.
You are immune to unholy pain and torment.


Message History

The orc is lightly wounded.
The orc barely misses you. The gnoll barely misses you.
You sock the orc!
You kill the orc!
Makhleb accepts your kill.
You feel better.
The gnoll hits you from afar with a +2 halberd of draining.
You block the gnoll's attack. The orc warrior closely misses you.
Things that are here:
a +0 spear; a +0 ring mail You hit the gnoll but do no damage.
The gnoll closely misses you. The orc warrior completely misses you.
You block the orc warrior's attack. You block the gnoll's attack.
You thump the gnoll!
The gnoll is poisoned.
The gnoll is severely wounded.
The orc warrior hits you from afar with a +1 halberd of electrocution!
The gnoll hits you with a +2 halberd of draining.
You sock the gnoll!
You kill the gnoll!
Makhleb accepts your kill.
You feel better. You block the orc warrior's attack.
The orc warrior hits you with a +1 halberd of electrocution!
You are electrocuted!
There is an open door, spattered with blood here.
Things that are here:
a +2 halberd of draining; a gnoll corpse You hit the orc warrior.
The orc warrior is poisoned.
The orc warrior is lightly wounded.
The orc warrior hits you with a +1 halberd of electrocution.
You closely miss the orc warrior.
The orc warrior is lightly wounded.
The orc warrior hits you but does no damage.
You block the orc warrior's attack.
You hit the orc warrior.
The orc warrior looks as sick as possible!
The orc warrior is moderately wounded.
The orc warrior hits you with a +1 halberd of electrocution!
* * * LOW HITPOINT WARNING * * *
You are electrocuted!
You die...

### ### #####
### #'# #.
#g#.# #.###.#
+##'##+#
#'##)##'##
#!.!..
#)....##
#.!.!.
###.....###
+!.⌠.!
#)'..⌠..')#
#.!.!.
###.....###
#!.!.o##
##.....##
#@###'##'##'##
##)'.###.###)#
##### ### ###


You could see an orc warrior (extremely poisoned).

Vanquished Creatures
  4 yaks
  2 ice beasts
  3 ogres
  A centaur (D:5)
  A kobold brigand (D:5)
  A phantom (D:4)
  A bullfrog zombie (D:6)
  2 orc priests
  5 hounds
  3 jellies
  2 iguanas
  2 orc wizards
  Robin (D:4)
  2 howler monkey zombies
  8 gnolls (Bailey)
  7 adders
  A shadow imp (D:5)
  2 ufetubi (D:4)
  3 worms (D:2)
  11 dart slugs
  21 orcs
  4 endoplasms
  4 giant cockroaches
  16 goblins
  7 hobgoblins
  2 quokkas (D:3)
  2 ball pythons (D:2)
  8 bats
  A frilled lizard (D:2)
  11 kobolds
  9 rats
147 creatures vanquished.

Vanquished Creatures (others)
  2 plants (D:5)
2 creatures vanquished.

Grand Total: 149 creatures vanquished

Notes
Turn   | Place    | Note
-------+----------+-------------------------------------------
     0 | D:1      | HallandMoats the Ghoul Fighter began the quest for the Orb.
     0 | D:1      | Reached XP level 1. HP: 19/19 MP: 0/0
   498 | D:1      | Reached XP level 2. HP: 19/26 MP: 1/1
   875 | D:2      | Reached XP level 3. HP: 13/31 MP: 2/2
  1475 | D:2      | Reached skill level 1 in Dodging
  1823 | D:2      | Reached XP level 4. HP: 31/39 MP: 3/3
  2684 | D:2      | Reached XP level 5. HP: 17/46 MP: 4/4
  3178 | D:3      | Found a shimmering blue altar of Sif Muna.
  3197 | D:3      | Found a sparkling altar of Nemelex Xobeh.
  3197 | D:3      | Found a transporter.
  3197 | D:3      | Noticed a steam dragon
  3198 | D:3      | Noticed a centaur
  3361 | D:4      | Noticed Robin
  3384 | D:4      | Killed Robin
  3550 | D:4      | Noticed a phantom
  3568 | D:4      | Killed a phantom
  3569 | D:4      | Reached XP level 6. HP: 44/52 MP: 5/5
  4300 | D:4      | Reached XP level 7. HP: 58/60 MP: 6/6
  4314 | D:4      | Found Fisu's Assorted Antiques.
  4464 | D:4      | Found a large runed translucent door.
  4465 | D:4      | Found a large runed translucent door.
  4573 | D:4      | Noticed AverageBear's ghost (amateur DDFi)
  4783 | D:5      | Entered Level 5 of the Dungeon
  4791 | D:5      | Found Suoppyu's Assorted Antiques.
  5180 | D:5      | Reached skill level 5 in Shields
  5243 | D:5      | Found an ancient bone altar of Kikubaaqudgha.
  5247 | D:5      | Found a broken altar of Ashenzari.
  5516 | D:5      | Found a staircase to the Ecumenical Temple.
  5744 | Temple   | Entered the Ecumenical Temple
  6062 | D:6      | Noticed a yak
  6195 | Temple   | Became a worshipper of Makhleb the Destroyer
  6306 | D:5      | Killed a yak
  6307 | D:5      | Reached skill level 5 in Fighting
  6307 | D:5      | Reached skill level 1 in Invocations
  6307 | D:5      | Reached XP level 8. HP: 47/68 MP: 7/7
  6395 | D:6      | Noticed a yak
  6395 | D:6      | Noticed a yak
  6396 | D:6      | Noticed a yak
  6408 | D:6      | Killed a yak
  6420 | D:6      | Killed a yak
  6424 | D:6      | Killed a yak
  6663 | D:6      | Reached skill level 5 in Armour
  6794 | D:6      | Reached XP level 9. HP: 51/74 MP: 10/10
  6900 | D:6      | Got the Disquisition on Noxious Changing
  7464 | D:7      | Found a flagged portal.
  7473 | D:7      | Reached * piety under Makhleb
  7483 | Bailey   | Entered a bailey
  7580 | Bailey   | Reached skill level 5 in Maces & Flails
  7856 | Bailey   | Slain by an orc warrior

Illustrated notes

Levels and vault maps discovered:
D:1:      amcnicky_arrival_double_pillar, layout_loops_cross,
          minmay_pentomino_o4
D:2:      layout_basic
D:3:      layout_rooms, grunt_nemelex_the_gamble, lemuel_blue_sif_altar
D:4:      layout_basic, ebering_ghost_disaster_area, serial_shops, shop,
          uniq_robin
D:5:      kennysheep_slugbush, layout_loops_ring, minitemple, temple_doors_ab,
          serial_shops, nicolae_shop_overgrown_old_shop
D:6:      layout_rooms
D:7:      layout_basic, nicolae_gozag_seed_capital, enter_bailey_5
Temple:   jpeg_temple_alley_garden
Bailey:   bailey_polearm_nasty_gnolls, bailey

Skill      XL: |  1  2  3  4  5  6  7  8  9 |
---------------+----------------------------+-----
Shields        | 3 4 5 |  5.2
Maces & Flails | 2 3 4 5 |  5.0
Armour         | 3 4 5 |  5.4
Dodging        | 1 2 3 4 |  4.4
Fighting       | 4 5 |  5.7
Invocations    | 1 3 4 |  4.0

Action                   |  1- 3 |  4- 6 |  7- 9 || total
-------------------------+-------+-------+-------++-------
Melee: Flail             |   125 |   173 |   235 ||   533
  Use: Scroll            |       |       |    18 ||    18
Armor: Scale mail        |    63 |   132 |   131 ||   326
Dodge: Dodged            |    61 |    82 |   143 ||   286
Block: Buckler           |    32 |    39 |    58 ||   129

Table legend: (Time is in decaauts)
 A = Elapsed time spent in this place.
 B = Non-inter-level travel time spent in this place.
 C = Inter-level travel time spent in this place.
 D = Time resting spent in this place.
 E = Time spent auto-exploring this place.
 F = Levels seen in this place.
 G = Mean time per level.
                   A        B        C        D        E       F      G
               +--------+--------+--------+--------+--------+-----+--------+
         Total |   8035 |   7378 |    657 |    782 |   4933 |   9 |  892.8 |
       Dungeon |   7336 |   6818 |    518 |    674 |   4760 |   7 | 1048.0 |
        Temple |    317 |    179 |    138 |      0 |    173 |   1 |  317.0 |
        Bailey |    381 |    381 |      0 |    108 |      0 |   1 |  381.0 |
               +--------+--------+--------+--------+--------+-----+--------+

Top non-repeatable levels by time:
     D:2: 2007 daAuts
     D:5: 1254 daAuts
     D:4: 1224 daAuts
     D:6: 1142 daAuts
     D:1: 843 daAuts
     D:3: 811 daAuts
  Bailey: 381 daAuts
  Temple: 317 daAuts
     D:7: 52 daAuts
